 Dungeon Crawl Stone Soup version 0.25-a0-36-g303dd5b1f4 (webtiles) character file.

Game seed: 4738427457321185610, levelgen mode: deterministic

164 Mort the Scratcher (level 5, -1/22 HPs)
             Began as a Felid Transmuter on Oct 20, 2019.
             Slain by an ogre
             ... wielding a +0 giant club
              (14 damage)
             ... on level 4 of the Dungeon.
             The game lasted 00:16:58 (3914 turns).

Mort the Scratcher (Felid Transmuter)               Turns: 3914, Time: 00:16:59

Health: -1/22      AC:  2    Str:  6    XL:     5   Next: 21%
Magic:  5/9        EV: 22    Int: 15    God:
Gold:   190        SH:  0    Dex: 22    Spells: 2/8 levels left
                                        Lives:  0   Deaths: 1

rFire    . . .     SeeInvis +     - Unarmed
rCold    . . .     Gourm    .   (shield unavailable)
rNeg     . . .     Faith    .   (armour unavailable)
rPois    x         Spirit   .   (helmet unavailable)
rElec    .         Reflect  .   (cloak unavailable)
rCorr    .         Harm     .   (gloves unavailable)
MR       .....                  (boots unavailable)
Stlth    ++........             (no amulet)
HPRegen  0.07/turn              (no ring)
MPRegen  0.11/turn              (no ring)

@: spider-form (expiring)
A: tiny, no armour, no weapons or thrown items, stealth, see invisible,
carnivore, slow metabolism 1
a: End Transformation


You were on level 4 of the Dungeon.
You were completely stuffed.
You were a venomous arachnid creature.
You visited 1 branch of the dungeon, and saw 4 of its levels.
You also visited: Sewer.

You collected 190 gold pieces.

Inventory:

Missiles
 a - 16 arrows
Jewellery
 o - an uncursed ring of stealth {unknown}
Scrolls
 b - a scroll of teleportation {unknown}
 d - a scroll of fear {unknown}
 f - 5 scrolls of identify {unknown}
 g - a scroll of blinking {unknown}
 h - 3 scrolls of enchant weapon {unknown}
 i - 2 scrolls of remove curse {unknown}
 p - a scroll of immolation {unknown}
 s - a scroll of enchant armour {unknown}
Potions
 e - a potion of magic {unknown}
 j - 3 potions of haste {unknown}
 k - a potion of heal wounds {unknown}
 l - a potion of resistance {unknown}
 m - a potion of berserk rage {unknown}
 n - a potion of agility {unknown}
 q - a potion of degeneration {unknown}
Comestibles
 c - 6 rations
 r - a chunk of flesh


   Skills:
 + Level 1.8 Fighting
 + Level 3.1 Dodging
 - Level 5.0 Unarmed Combat
 - Level 2.0 Spellcasting
 + Level 4.4 Transmutations


You had 2 spell levels left.
You knew the following spells:

 Your Spells              Type           Power        Failure   Level  Hunger
a - Beastly Appendage     Tmut           ##....       12%         1    #......
b - Sticks to Snakes      Tmut           ##......     16%         2    ###....
c - Spider Form           Tmut/Pois      #.........   47%         3    ###....

Your spell library contained the following spells:

 Spells                   Type           Power        Failure   Level  Hunger
 Ice Form                 Ice/Tmut       #.......     83%         4    #####..
 Blade Hands              Tmut           ##........   86%         5    ######.


Dungeon Overview and Level Annotations

Branches:
Dungeon (4/15)              Sewer (visited)
 Temple: D:4-7

Altars:
Dithmenos
Fedhas


Innate Abilities, Weirdness & Mutations

You cannot wear armour.
You are incapable of wielding weapons or throwing items.
Your paws allow you to move quietly. (Stealth)
((You have sharp claws.))
((You have razor-sharp teeth.))
You have supernaturally acute eyesight. (SInv)
You are carnivorous and can eat meat at any time.
((You cover ground quickly.))
((You are covered in fur. (AC +1)))
You have a slow metabolism.
((Your sharp claws are effective at attacking unaware monsters.))


Message History

You hear a shout!
The orc priest hits you with a +0 club.
You hear a shout! x2
You closely miss the orc priest.
The orc priest is almost dead.
You kill the orc priest!
Your Dodging skill increases to level 3!
You have reached level 5!
You feel agile.
An orc comes into view. It is wielding a +0 whip.
The orc wizard gestures wildly while chanting.
The orc wizard seems to speed up.
The orc wizard begins to cast a cantrip, but forgets the words!
The orc closely misses you.
You hit the orc.
The orc is poisoned.
The orc is moderately wounded.
An orc comes into view. It is wielding a +0 short sword.
The ogre hits you with a +0 giant club!
Ouch! That really hurt!
You die...

#.##.#
#.##.#
#.##.#
#.##.#
####.##.##
#....o.<.#
#.##o##..#
#O##....o
#s##.#####
#.o......
####.....
#####.


You could see an ogre, an orc wizard (invisible) and 2 orcs.

Vanquished Creatures
  2 orc priests
  A worker ant (D:2)
  3 adders
  An ooze (D:2)
  2 worms (D:3)
  5 dart slugs
  7 leopard geckos
  5 orcs
  A ball python (D:1)
  6 giant cockroaches
  10 hobgoblins
  3 jackals (D:2)
  16 bats
  2 frilled lizards
  6 goblins
  5 kobolds
  10 rats
85 creatures vanquished.

Vanquished Creatures (collateral kills)
  A worm (D:2)
  A bat (D:2)
2 creatures vanquished.

Grand Total: 87 creatures vanquished

Notes
Turn   | Place    | Note
-------+----------+-------------------------------------------
     0 | D:1      | Mort the Felid Transmuter began the quest for the Orb.
     0 | D:1      | Reached XP level 1. HP: 9/9 MP: 4/4
   176 | D:1      | Reached XP level 2. HP: 5/12 MP: 6/6
   332 | D:1      | Learned a level 2 spell: Sticks to Snakes
   885 | D:1      | Reached XP level 3. HP: 15/15 MP: 7/7
  1443 | D:2      | Learned a level 3 spell: Spider Form
  1469 | D:2      | Found a shadowy altar of Dithmenos.
  1509 | D:2      | Reached skill level 4 in Unarmed Combat
  1904 | D:2      | Reached XP level 4. HP: 12/19 MP: 4/8
  2596 | D:3      | Found a glowing drain.
  2630 | Sewer    | Entered a sewer
  2781 | Sewer    | Noticed Purgy
  2890 | Sewer    | Slain by Purgy
  2891 | Sewer    | Reached XP level 3. HP: -1/15 MP: 2/7
  3149 | D:3      | Reached XP level 4. HP: 19/19 MP: 5/8
  3580 | D:3      | Reached skill level 5 in Unarmed Combat
  3691 | D:3      | Found a blossoming altar of Fedhas.
  3907 | D:4      | Noticed an ogre
  3912 | D:4      | Reached XP level 5. HP: 13/22 MP: 5/9
  3914 | D:4      | Slain by an ogre

Levels and vault maps discovered:
D:1:      zaba_arrival_water, layout_basic, serial_co_window_serial,
          co_window_of_opportunity_a, co_window_corner_a, co_window_cross_1,
          co_window_paths_a, co_window_corner_a, co_window_corner_cb,
          co_window_cross_3, co_window_corner_cb, co_window_paths_c,
          co_window_broadway_a, co_window_2corner, glass_columns_c,
          glass_columns_b, glass_columns_a, glass_columns_a, glass_columns_c,
          chequers_serial_rivers_room_b, chequers_serial_rivers_room_a,
          st_stairs_12, minmay_pentomino_q2
D:2:      kennysheep_big_flooded_room, layout_basic,
          grunt_dithmenos_smoke_and_mirrors, nicolae_underground_beach
D:3:      layout_rooms, fedhas_altar_2, portal_sewer_entry_f
D:4:      layout_loops_ring, marbit_many_paths, okawaru_ov_weapons_minmay,
          minmay_temple_entry_tees, trog_three_pillars_becter

Skill      XL: |  1  2  3  4 |
---------------+-------------+-----
Unarmed Combat | 4 5 |  5.0
Transmutations | 3 4 |  4.4
Dodging        | 3 |  3.1
Fighting       | |  1.8
Spellcasting   | |  2.0

Action                   |  1- 3 |  4- 6 || total
-------------------------+-------+-------++-------
Melee: Unarmed           |   124 |    94 ||   218
       Headbutt          |     5 |     1 ||     6
       Bite              |    13 |       ||    13
 Cast: Beastly Appendage |    14 |     3 ||    17
       Spider Form       |     5 |    15 ||    20
       Sticks to Snakes  |     1 |     7 ||     8
 Stab: Sleeping          |     6 |       ||     6
  Eat: Chunk             |    15 |     7 ||    22
Armor: Skin              |    11 |     5 ||    16
Dodge: Dodged            |   115 |    75 ||   190

Table legend:
 A = Non-vault XP
 B = Vault XP
 C = Vault XP percentage of total XP
 D = Non-vault monster count
 E = Vault monster count
 F = Vault count percentage of total count
                 A         B        C        D         E       F
            +---------+---------+-------+---------+---------+-------
      Total |     303 |      22 |   6.8 |      73 |      14 |  16.1
            +---------+---------+-------+---------+---------+-------
        D:1 |      37 |       4 |   9.8 |      18 |       3 |  14.3
        D:2 |     116 |       2 |   1.7 |      29 |       2 |   6.5
        D:3 |     106 |      10 |   8.6 |      25 |       4 |  13.8
        D:4 |      44 |       0 |   0.0 |       1 |       0 |   0.0
      Sewer |       0 |       6 | 100.0 |       0 |       5 | 100.0
            +---------+---------+-------+---------+---------+-------
